 Dungeon Crawl Stone Soup version 0.29.1-13-g9f3cf754e1 (webtiles) character file.

Game seed: 12593380338828711944

58 Thatpatchoflichen the Shooter (level 4, -2/34 HPs)
             Began as a Human Hunter on Feb 8, 2023.
             Killed by divine providence
             ... invoked by an orc priest
              (15 damage)
             ... on level 2 of the Dungeon.
             The game lasted 00:08:52 (1489 turns).

Thatpatchoflichen the Shooter (Human Hunter)        Turns: 1489, Time: 00:08:52

Health: -2/34      AC:  3    Str: 12    XL:     4   Next: 20%
Magic:  4/4        EV: 27    Int:  9    God:
Gold:   85         SH:  0    Dex: 18    Spells: 3/3 levels left

rFire   . . .      SeeInvis .   a - +0 shortbow
rCold   . . .      Faith    .   (shield currently unavailable)
rNeg    . . .      Spirit   .   c - +0 leather armour
rPois   .          Reflect  .   (no helmet)
rElec   .          Harm     .   (no cloak)
rCorr   .          Rampage  .   (no gloves)
Will    .....                   (no boots)
Stlth   ++........              d - amulet of the acrobat
HPRegen 0.11/turn               (no ring)
MPRegen 0.09/turn               (no ring)

@: acrobatic
A: no striking features
a: no special abilities


You were on level 2 of the Dungeon.
You visited 1 branch of the dungeon, and saw 2 of its levels.

You collected 85 gold pieces.

Inventory:

Hand Weapons
 a - a +0 shortbow (weapon)
Armour
 c - a +0 leather armour (worn)
Jewellery
 d - an amulet of the acrobat (around neck)
Scrolls
 b - a scroll of immolation
 f - a scroll of acquirement {unknown}
 i - a scroll of fear {unknown}
 j - a scroll of identify {unknown}
 k - a scroll of silence {unknown}
Potions
 e - a potion of curing
 g - 3 potions of ambrosia {unknown}
 h - 2 potions of flight {unknown}
 l - a potion of heal wounds {unknown}
 m - a potion of degeneration {unknown}


   Skills:
 + Level 2.8 Fighting
 + Level 4.5 Ranged Weapons
 + Level 2.9 Dodging
 - Level 1.0 Stealth


You had 3 spell levels left.
You didn't know any spells.
Your spell library was empty.

Dungeon Overview and Level Annotations

Branches:
Dungeon (2/15)

Altars:

Shops:
D:1 (   D:2 (


Message History

Press: ? - help, Q - select action Shift-Dir - straight line, f/p - orc priest
Aim: an orc priest, wielding a +0 hand axe and wearing a +0 leather armour (64% to hit)
You shoot an arrow. The orc shouts!
The arrow hits the orc priest but does no damage.
An orc comes into view. It is wielding a +0 dagger.
The orc moves out of view.
An orc priest comes into view. It is wielding a +0 club.
Fire: a) +0 shortbow
Press: ? - help, Q - select action Shift-Dir - straight line, f/p - orc priest
Aim: an orc priest, wielding a +0 hand axe and wearing a +0 leather armour (64% to hit)
You shoot an arrow. The orc priest shouts!
The arrow hits the orc priest but does no damage.
The orc priest mumbles some strange prayers to Beogh against you.
Beogh smites you!
Fire: a) +0 shortbow
Press: ? - help, Q - select action Shift-Dir - straight line, f/p - orc priest
Aim: an orc priest, wielding a +0 hand axe and wearing a +0 leather armour (64% to hit)
You shoot an arrow. The arrow hits the orc priest!
The orc priest is heavily wounded.
The orc priest mumbles some strange prayers to Beogh against you.
Beogh smites you!
* * * LOW HITPOINT WARNING * * *
Fire: a) +0 shortbow
Press: ? - help, Q - select action Shift-Dir - straight line, f/p - orc priest
Aim: an orc priest, wielding a +0 hand axe and wearing a +0 leather armour (heavily wounded, 64% to hit)
You shoot an arrow. The arrow hits the orc priest.
The orc priest is almost dead.
The orc priest hits you with a +0 hand axe.
* * * LOW HITPOINT WARNING * * *
It was a potion of curing.
You feel better. The orc priest barely misses you.
The orc priest attacks as you move away!
The orc priest barely misses you.
The orc priest looks braver for a moment.
You see here a bat corpse.
The orc priest looks satisfied for a moment.
The orc priest invokes the aid of Beogh against you.
Beogh smites you!
You die...

.......#.P.###.### ....
........PP.....# #.o
......##~.~...### #o#
#.......♣P..#...## #o##
...####.♣~.......###..# ...#
............###.## ...#
#............# #..#######
..)###............####oo......
....[...........@....o........
...>..###.......######........
..##.....###.#### #########
.## ####. #.## ## ...# .###
##..#### ...#########.....##
..................##
######.#####.###....


You could see 2 orc priests and an orc.

Vanquished Creatures
  2 worms (D:2)
  2 dart slugs (D:1)
  6 ball pythons
  4 endoplasms
  4 giant cockroaches
  A goblin (D:1)
  6 hobgoblins
  4 jackals
  3 quokkas
  2 bats (D:2)
  A frilled lizard (D:1)
  3 kobolds
  2 rats (D:1)
40 creatures vanquished.

Vanquished Creatures (others)
  2 demonic plants (D:1)
  2 withered plants (D:1)
4 creatures vanquished.

Grand Total: 44 creatures vanquished

Notes
Turn   | Place    | Note
-------+----------+-------------------------------------------
     0 | D:1      | Thatpatchoflichen the Human Hunter began the quest for the
                  | Orb.
     0 | D:1      | Reached XP level 1. HP: 16/16 MP: 1/1
    61 | D:1      | Reached XP level 2. HP: 16/22 MP: 2/2
   308 | D:1      | Reached XP level 3. HP: 28/28 MP: 3/3
   376 | D:1      | Found Jauravu's Weapon Emporium.
   713 | D:1      | Found a faded altar of an unknown god.
  1256 | D:2      | Reached XP level 4. HP: 34/34 MP: 4/4
  1315 | D:2      | Found Dyruqugu's Antique Weapon Boutique.
  1478 | D:2      | HP: 1/34 [orc priest/+0 hand axe (6)]
  1489 | D:2      | Killed from afar by an orc priest

Illustrated notes

Levels and vault maps discovered:
D:1:      lightli_arrival_windingriver, layout_basic, serial_shops,
          nicolae_shop_behind_doors, shapermc_ecumenical_altar_gd
D:2:      layout_rooms, serial_shops, shop, serial_bayou_pond_e

Action                   |  1- 3 |  4- 6 || total
-------------------------+-------+-------++-------
 Fire: Shortbow          |   104 |    29 ||   133
  Use: Potion            |       |     1 ||     1
Armor: Leather armour    |    10 |     8 ||    18
Dodge: Dodged            |    34 |    10 ||    44
